 Dungeon Crawl Stone Soup version 0.25-a0-1133-g93ebf739aa (webtiles) character file.

Game seed: 11099602697092845222, levelgen mode: deterministic

262 scorp85 the Shield-Bearer (level 5, -13/50 HPs)
             Began as a Troll Fighter on May 22, 2020.
             Killed by divine providence
             ... invoked by an orc priest
              (15 damage)
             ... on level 3 of the Dungeon.
             The game lasted 00:17:49 (2271 turns).

scorp85 the Shield-Bearer (Troll Fighter)           Turns: 2271, Time: 00:17:49

Health: -13/50     AC:  6    Str: 25    XL:     5   Next: 97%
Magic:  4/4        EV:  9    Int:  4    God:
Gold:   87         SH: 10    Dex:  9    Spells: 4/4 levels left

rFire    . . .     SeeInvis .     - Unarmed
rCold    + . .     Gourm    +   b - +0 kite shield
rNeg     . . .     Faith    .   a - +0 robe
rPois    .         Spirit   .   (helmet restricted)
rElec    .         Reflect  .   (no cloak)
rCorr    .         Harm     .   (gloves unavailable)
MR       .....                  (boots unavailable)
Stlth    +.........             (no amulet)
HPRegen  0.56/turn              o - ring of protection from cold
MPRegen  0.09/turn              w - ring of flight (curse)

@: no status effects
A: large, unfitting armour, claws 3, fast metabolism 3, gourmand, regeneration
1, shaggy fur 1, tough skin 3
a: Evoke Flight


You were on level 3 of the Dungeon.
You were very full.

You visited 1 branch of the dungeon, and saw 4 of its levels.

You collected 87 gold pieces.

Inventory:

Missiles
 g - 47 sling bullets
 i - 31 stones (quivered)
Armour
 a - a +0 robe (worn)
 b - a +0 kite shield (worn)
Jewellery
 n - a +6 ring of intelligence
   (You found it on level 2 of the Dungeon)
 o - a ring of protection from cold (left claw)
   (You found it on level 2 of the Dungeon)
 w - a cursed ring of flight (right claw)
   (You found it on level 3 of the Dungeon)
Wands
 m - a wand of clouds (4)
   (You found it on level 2 of the Dungeon)
 x - a wand of acid (5)
   (You found it on level 3 of the Dungeon)
Scrolls
 d - 3 scrolls of teleportation {@r4}
 r - a scroll of identify {unknown}
 t - a scroll of magic mapping
 v - a scroll of enchant weapon {unknown}
 y - a scroll of enchant armour {unknown}
Potions
 c - 2 potions of might
 f - 2 potions of heal wounds {unknown}
 h - a potion of mutation {unknown}
 j - a potion of flight {unknown}
 k - a potion of haste {unknown}
 l - a potion of cancellation {unknown}
 p - a potion of curing {unknown}
 q - a potion of lignification {unknown}
 s - a potion of ambrosia {unknown}
Comestibles
 e - 7 rations {!d}


   Skills:
 - Level 2.4 Fighting
 - Level 2.4 Dodging
 + Level 5.6 Shields
 - Level 2.0 Unarmed Combat


You had 4 spell levels left.
You didn't know any spells.
Your spell library was empty.

Dungeon Overview and Level Annotations

Branches:
Dungeon (4/15)
 Temple: D:4-7

Altars:
Qazlal


Innate Abilities, Weirdness & Mutations

You are too large for most types of armour.
You have claws for hands.
Your metabolism is lightning-fast.
You like to eat raw meat.
Your natural rate of healing is unusually fast.
You are covered in fur. (AC +1)
You have extremely tough skin. (AC +3)


Message History

The orc priest looks encouraged for a moment.
You claw the orc priest! The orc misses you.
The orc priest invokes the aid of Beogh against you.
Pain shoots through your body!
The orc priest invokes the aid of Beogh against you.
Pain shoots through your body!
* * * LOW HITPOINT WARNING * * *
You are too injured to fight recklessly!
You are too injured to fight recklessly!
You are too injured to fight recklessly!
You are too injured to fight recklessly!
You are too injured to fight recklessly!
You are too injured to fight recklessly!
You are too injured to fight recklessly!
You scratch the orc priest but do no damage.
You block the orc priest's attack. The orc hits you but does no damage.
You closely miss the orc priest. You block the orc priest's attack.
You block the orc's attack. The orc priest hits you.
* * * LOW HITPOINT WARNING * * *
You closely miss the orc priest. The orc priest misses you.
The orc priest looks satisfied for a moment.
The orc hits you with a +0 hand axe.
* * * LOW HITPOINT WARNING * * *
You closely miss the orc priest.
The orc priest mumbles some strange prayers to Beogh against you.
You barely resist. The orc priest barely misses you.
You barely miss the orc priest. The orc closely misses you.
The orc priest hits you.
* * * LOW HITPOINT WARNING * * *
You block the orc priest's attack.
Unknown command.
The orc priest looks satisfied for a moment.
You block the orc priest's attack. The orc hits you but does no damage.
The orc priest calls down the wrath of Beogh upon you.
You barely resist.
The orc priest calls down the wrath of Beogh upon you.
Beogh smites you!
* * * LOW HITPOINT WARNING * * *
The orc priest looks braver for a moment.
The orc priest miscasts a cantrip.
The giant cockroach waves its antennae.
The orc priest invokes the aid of Beogh against you.
Pain shoots through your body!
* * * LOW HITPOINT WARNING * * *
The giant cockroach bites you.
* * * LOW HITPOINT WARNING * * *
The orc priest calls down the wrath of Beogh upon you.
Beogh smites you!
You die...

*#.##.###..##.###.#.......##..#..
#..)..##..##.###.#..##..........
#.##..##..##........###..##..#..
#.##..##..######....###..##..#..
#.##..##..######.........##..#.#
##.......................###..#.#
.....................###.###.....
...##..##.#######s.o.............
##.#*...........@oo..###.######.#
#.#*,###########.#### #.# #.#
###*** ### ### ###


You could see 2 orc priests, an orc and a giant cockroach.

Vanquished Creatures
  An orc priest (D:3)
  Natasha (thrice) (D:2)
  6 adders
  2 worms (D:2)
  A dart slug (D:1)
  3 leopard geckos
  An orc (D:3)
  5 giant cockroaches
  12 hobgoblins
  20 jackals
  4 kobolds
  A ball python (D:2)
  10 bats
  5 frilled lizards
  7 goblins
  10 rats
91 creatures vanquished.

Notes
Turn   | Place    | Note
-------+----------+-------------------------------------------
     0 | D:1      | scorp85 the Troll Fighter began the quest for the Orb.
     0 | D:1      | Reached XP level 1. HP: 22/22 MP: 0/0
   195 | D:1      | Reached skill level 3 in Shields
   195 | D:1      | Reached XP level 2. HP: 29/29 MP: 1/1
   403 | D:1      | Reached XP level 3. HP: 34/36 MP: 2/2
   687 | D:2      | Noticed Natasha
   702 | D:2      | Killed Natasha
   734 | D:2      | Reached skill level 4 in Shields
   796 | D:2      | Reached XP level 4. HP: 44/44 MP: 3/3
  1115 | D:2      | Noticed Natasha
  1144 | D:2      | Killed Natasha
  1144 | D:2      | Reached XP level 5. HP: 39/50 MP: 4/4
  1221 | D:2      | Reached skill level 5 in Shields
  1351 | D:2      | Noticed Natasha
  1362 | D:2      | Killed Natasha
  1488 | D:2      | Found a stormy altar of Qazlal.
  2271 | D:3      | HP: 2/50 [giant cockroach (2)]
  2271 | D:3      | Killed from afar by an orc priest

Illustrated notes

Levels and vault maps discovered:
D:1:      lightli_arrival_isolated_outpost, layout_basic, minmay_misc_feat_five
D:2:      layout_basic, nicolae_overflow_crystal_walls, grunt_decor_fettered,
          uniq_natasha
D:3:      layout_basic, first_ration
D:4:      layout_basic, uniq_blork_the_orc, uniq_eustachio,
          uniq_crazy_yiuf_cottage, uniq_grinder, uniq_edmund

Skill      XL: |  1  2  3  4  5 |
---------------+----------------+-----
Shields        | 3 4 5 |  5.6
Fighting       | |  2.4
Dodging        | |  2.4
Unarmed Combat | |  2.0

Action                   |  1- 3 |  4- 6 || total
-------------------------+-------+-------++-------
Melee: Unarmed           |   104 |   223 ||   327
Throw: Stone             |     1 |       ||     1
  Use: Scroll            |       |     2 ||     2
  Eat: Chunk             |    13 |    13 ||    26
Armor: Robe              |    27 |    80 ||   107
Dodge: Dodged            |    31 |    82 ||   113
Block: Kite shield       |    31 |   118 ||   149

Table legend:
 A = Non-vault XP
 B = Vault XP
 C = Vault XP percentage of total XP
 D = Non-vault monster count
 E = Vault monster count
 F = Vault count percentage of total count
                 A         B        C        D         E       F
            +---------+---------+-------+---------+---------+-------
      Total |     339 |      36 |   9.6 |      90 |       1 |   1.1
            +---------+---------+-------+---------+---------+-------
        D:1 |      43 |       0 |   0.0 |      26 |       0 |   0.0
        D:2 |     196 |      36 |  15.5 |      37 |       1 |   2.6
        D:3 |     100 |       0 |   0.0 |      27 |       0 |   0.0
            +---------+---------+-------+---------+---------+-------
